Map: Avalon Labs

Players

Loken - Winner!

  • Race: Zerg Zerg
  • League: Platinum
  • Spawn Location: 12:00

Myran - Winner!

  • Race: Protoss Protoss
  • Spawn Location: 12:00

dallaskuken - Winner!

  • Race: Protoss Protoss
  • League: Platinum
  • Spawn Location: 11:00

Audric

  • Race: Protoss Protoss
  • League: Gold
  • Spawn Location: 5:00

genevid

  • Race: Protoss Protoss
  • Spawn Location: 6:00

HanSolo

  • Race: Zerg Zerg
  • League: Diamond
  • Spawn Location: 6:00

VOD

Have the link to the VOD?

Description

Time

  • Played on: April 5, 2017, 4:37 p.m.
  • Length: 11:39
Show
View Real Time Build Order
Export as new Build Order

Loken Zerg - Winner!

Build Orders: Pool First 

Get SALT Encoding   

  12  0:01  Drone  
  13  0:08  Drone  
  14  0:17  Overlord  
  14  0:36  Drone x2  
  14  0:37  Drone  
  17  0:48  Drone  
  18  0:53  Spawning Pool  
  17  1:03  Drone  
  18  1:08  Extractor  
  18  1:09  Drone  
  18  1:42  Zergling x6  
  21  1:49  Extractor, Queen  
  22  2:15  Overlord x2  
  22  2:16  Overlord  
  22  2:41  Zergling x2  
  22  2:42  Zergling x2  
  24  2:47  Hatchery  
  21  3:11  Zergling x2  
  21  3:12  Zergling x6  
  23  3:35  Zergling x4  
  24  4:02  Metabolic Boost  
  18  4:14  Queen  
  18  4:16  Drone  
  22  4:17  Drone  
  22  4:18  Drone  
  22  4:19  Drone x6  
  29  4:25  Lair  
  29  4:51  Zergling x2  
  29  4:52  Zergling x14  
  37  5:04  Zergling x4  
  36  5:29  Drone  
  36  5:30  Drone x6  
  43  5:46  Hydralisk Den  
  42  6:11  Overlord x3  
  42  6:17  Muscular Augments  
  42  6:19  Hydralisk  
  42  6:20  Hydralisk x4  
  52  6:31  Hatchery  
  51  6:45  Hatchery  
  50  6:52  Hydralisk  
  50  6:53  Hydralisk x7  
  66  7:04  Queen  
  62  7:31  Hydralisk  
  62  7:32  Hydralisk x3  
  70  7:45  Drone  
  70  7:46  Drone x5  
  76  8:03  Drone  
  76  8:04  Drone x4  
  76  8:05  Queen  
  81  8:11  Extractor  
  82  8:15  Extractor  
  82  8:18  Hydralisk x3  
  87  8:20  Overlord  
  87  8:21  Overlord x3  
  87  8:31  Evolution Chamber  
  87  8:32  Evolution Chamber  
  85  8:45  Drone x3  
  85  8:46  Drone x7  
  95  9:02  Zerg Ground Armor Level 1, Zerg Missile Weapons Level 1  
  95  9:27  Zergling x2  
  95  9:28  Zergling x32  
  95  9:29  Zergling x10  
  117  9:51  Overlord x3  
  117  9:52  Overlord x2  
  117  10:18  Extractor  
  117  10:19  Extractor  
  117  10:21  Hydralisk x4  
  115  10:22  Hydralisk x7  
  121  11:06  Hydralisk x4  
  121  11:07  Hydralisk x6  
Show
View Real Time Build Order
Export as new Build Order

Myran Protoss - Winner!

Build Orders:  

Get SALT Encoding   

  12  0:01  Probe (Chrono Boost)  
  13  0:12  Probe (Chrono Boost)  
  14  0:21  Pylon  
  14  0:23  Probe (Chrono Boost)  
  15  0:40  Probe (Chrono Boost)  
  16  1:01  Forge  
  17  1:04  Probe (Chrono Boost)  
  17  1:14  Probe (Chrono Boost)  
  17  1:17  Pylon  
  18  1:25  Probe (Chrono Boost)  
  19  1:39  Photon Cannon  
  19  1:43  Pylon  
  19  1:45  Photon Cannon  
  19  1:48  Probe (Chrono Boost)  
  20  1:56  Pylon  
  20  2:04  Pylon  
  20  2:14  Photon Cannon  
  20  2:15  Photon Cannon  
  20  2:20  Probe (Chrono Boost)  
  21  2:31  Probe (Chrono Boost)  
  22  2:37  Photon Cannon  
  22  2:48  Photon Cannon  
  22  2:50  Pylon  
  22  2:54  Photon Cannon  
  22  2:59  Photon Cannon  
  22  3:03  Probe (Chrono Boost)  
  23  3:10  Photon Cannon  
  23  3:14  Probe (Chrono Boost)  
  24  3:23  Photon Cannon  
  24  3:32  Probe (Chrono Boost)  
  25  3:40  Gateway  
  25  3:44  Photon Cannon  
  25  3:48  Photon Cannon  
  25  3:59  Photon Cannon  
  24  4:23  Nexus  
  21  4:49  Photon Cannon  
  21  5:43  Pylon  
  21  5:49  Zealot  
  23  6:12  Forge  
  23  6:20  Zealot  
  25  6:46  Probe (Chrono Boost)  
  26  6:50  Zealot  
  28  6:56  Cybernetics Core  
  28  6:59  Assimilator  
  28  7:00  Probe (Chrono Boost)  
  29  7:04  Assimilator  
  29  7:11  Probe (Chrono Boost)  
  30  7:22  Probe (Chrono Boost)  
  31  7:46  Nexus  
  31  7:58  Pylon  
  31  8:00  Pylon  
  31  8:13  Nexus  
  31  8:22  Nexus  
  31  8:40  Probe (Chrono Boost), Warp Gate  
  32  8:50  Probe (Chrono Boost)  
  32  8:53  Protoss Ground Weapons Level 1  
  33  8:58  Gateway  
  33  8:59  Gateway  
  33  9:01  Probe (Chrono Boost), Gateway  
  33  9:02  Probe (Chrono Boost)  
  35  9:05  Pylon  
  35  9:11  Probe (Chrono Boost), Pylon  
  35  9:12  Probe (Chrono Boost)  
  37  9:22  Probe (Chrono Boost)  
  37  9:23  Probe (Chrono Boost)  
  39  9:32  Probe (Chrono Boost)  
  39  9:33  Probe (Chrono Boost)  
  39  9:34  Probe (Chrono Boost)  
  39  9:37  Probe (Chrono Boost)  
  43  9:44  Probe (Chrono Boost)  
  43  9:45  Probe (Chrono Boost)  
  45  9:47  Probe (Chrono Boost)  
  46  9:54  Probe (Chrono Boost)  
  46  9:55  Probe (Chrono Boost)  
  46  9:58  Probe (Chrono Boost)  
  49  10:06  Probe (Chrono Boost)  
  51  10:07  Probe (Chrono Boost)  
  51  10:13  Probe (Chrono Boost)  
  52  10:15  Assimilator  
  52  10:16  Probe (Chrono Boost)  
  52  10:19  Probe (Chrono Boost), Assimilator  
  52  10:21  Assimilator  
  54  10:24  Probe (Chrono Boost)  
  54  10:25  Probe (Chrono Boost), Assimilator x2  
  54  10:27  Probe (Chrono Boost)  
  57  10:29  Assimilator  
  57  10:32  Probe (Chrono Boost)  
  57  10:34  Probe (Chrono Boost)  
  59  10:36  Probe (Chrono Boost)  
  59  10:37  Probe (Chrono Boost)  
  61  10:45  Probe (Chrono Boost)  
  61  10:46  Probe (Chrono Boost)  
  61  10:48  Probe (Chrono Boost)  
  64  10:55  Probe (Chrono Boost)  
  64  10:57  Probe (Chrono Boost)  
  66  10:59  Stalker x3  
  66  11:00  Stalker  
  74  11:05  Pylon  
  74  11:06  Probe (Chrono Boost)  
  74  11:07  Probe (Chrono Boost)  
  74  11:08  Pylon  
  76  11:15  Pylon  
  76  11:17  Probe (Chrono Boost)  
  77  11:18  Gateway  
  77  11:21  Probe (Chrono Boost)  
  77  11:25  Probe (Chrono Boost)  
  79  11:27  Probe (Chrono Boost)  
  79  11:29  Stalker x2  
  79  11:30  Stalker x2  
Show
View Real Time Build Order
Export as new Build Order

dallaskuken Protoss - Winner!

Build Orders:  

Get SALT Encoding   

  12  0:01  Probe (Chrono Boost)  
  13  0:13  Pylon  
  13  0:18  Probe (Chrono Boost)  
  14  0:29  Probe (Chrono Boost)  
  15  0:37  Gateway  
  15  0:39  Probe (Chrono Boost)  
  17  0:50  Probe (Chrono Boost)  
  17  1:00  Probe (Chrono Boost)  
  18  1:11  Probe (Chrono Boost)  
  19  1:21  Probe (Chrono Boost)  
  19  1:25  Pylon, Zealot  
  22  1:32  Probe (Chrono Boost)  
  23  1:44  Probe (Chrono Boost)  
  23  1:46  Assimilator  
  24  1:49  Cybernetics Core  
  24  1:55  Probe (Chrono Boost)  
  25  2:10  Zealot  
  27  2:25  Probe (Chrono Boost)  
  28  2:34  Assimilator  
  28  2:35  Nexus  
  28  2:36  Probe (Chrono Boost)  
  29  2:37  Pylon  
  29  2:38  Zealot  
  31  2:56  Probe (Chrono Boost)  
  32  3:06  Probe (Chrono Boost)  
  33  3:17  Probe (Chrono Boost)  
  30  3:27  Probe (Chrono Boost)  
  31  3:38  Probe (Chrono Boost)  
  32  3:44  Stargate  
  32  3:46  Zealot  
  35  3:48  Probe (Chrono Boost)  
  35  3:59  Probe (Chrono Boost)  
  36  4:09  Probe (Chrono Boost)  
  35  4:17  Stargate  
  35  4:19  Pylon  
  35  4:21  Probe (Chrono Boost)  
  36  4:25  Assimilator  
  36  4:28  Void Ray, Assimilator  
  40  4:32  Probe (Chrono Boost)  
  41  4:42  Probe (Chrono Boost)  
  43  4:53  Probe (Chrono Boost)  
  43  4:59  Probe (Chrono Boost)  
  44  5:01  Stargate  
  44  5:03  Probe (Chrono Boost)  
  45  5:09  Probe (Chrono Boost)  
  45  5:12  Void Ray  
  45  5:14  Probe (Chrono Boost)  
  51  5:17  Pylon x2  
  51  5:24  Probe (Chrono Boost)  
  52  5:31  Void Ray  
  52  5:35  Probe (Chrono Boost)  
  57  5:40  Protoss Air Weapons Level 1  
  57  5:45  Probe (Chrono Boost)  
  57  5:49  Void Ray  
  62  6:03  Pylon  
  62  6:21  Void Ray x2  
  70  6:47  Void Ray  
  74  6:55  Pylon  
  74  6:57  Pylon  
  74  7:04  Void Ray  
  74  7:06  Void Ray  
  82  7:22  Nexus  
  78  7:24  Pylon  
  78  7:27  Pylon  
  78  7:30  Void Ray  
  82  7:47  Void Ray  
  82  7:48  Void Ray  
  90  8:13  Void Ray  
  86  8:50  Void Ray x2  
  86  9:09  Void Ray  
  70  9:33  Void Ray x2  
  78  9:52  Void Ray  
  74  10:15  Void Ray  
  74  10:16  Void Ray  
  74  10:35  Void Ray  
  79  10:36  Probe (Chrono Boost)  
  79  10:41  Assimilator  
  79  10:45  Assimilator  
  79  10:46  Probe (Chrono Boost)  
  80  10:57  Probe (Chrono Boost)  
  89  11:07  Probe (Chrono Boost)  
  90  11:18  Probe (Chrono Boost)  
Show
View Real Time Build Order
Export as new Build Order

Audric Protoss 

Build Orders:  

Get SALT Encoding   

  12  0:02  Probe (Chrono Boost)  
  13  0:17  Pylon  
  13  0:20  Probe (Chrono Boost)  
  14  0:35  Forge  
  14  0:53  Probe (Chrono Boost)  
  15  1:03  Probe (Chrono Boost)  
  16  1:17  Pylon  
  16  1:46  Pylon  
  16  1:49  Probe (Chrono Boost)  
  17  2:03  Pylon  
  16  2:16  Photon Cannon  
  16  2:21  Photon Cannon  
  16  2:22  Pylon  
  16  2:24  Pylon  
  16  2:33  Pylon  
  12  3:02  Nexus  
  12  3:19  Probe (Chrono Boost)  
  13  3:30  Probe (Chrono Boost)  
  14  3:40  Probe (Chrono Boost)  
  15  3:41  Pylon  
  15  4:06  Probe (Chrono Boost)  
  16  4:16  Probe (Chrono Boost)  
  17  4:26  Probe (Chrono Boost)  
  18  4:36  Assimilator  
  18  4:40  Assimilator  
  18  4:43  Gateway  
  18  5:08  Probe (Chrono Boost)  
  19  5:15  Gateway  
  19  5:19  Probe (Chrono Boost)  
  20  5:33  Nexus  
  20  5:37  Pylon  
  20  5:38  Cybernetics Core  
  20  5:44  Probe (Chrono Boost)  
  21  6:02  Probe (Chrono Boost)  
  22  6:18  Stargate  
  22  6:20  Probe (Chrono Boost)  
  22  6:21  Stargate  
  23  6:42  Probe (Chrono Boost)  
  23  6:46  Probe (Chrono Boost)  
  25  6:52  Probe (Chrono Boost)  
  26  6:57  Probe (Chrono Boost)  
  27  7:02  Phoenix x2  
  32  7:08  Probe (Chrono Boost)  
  32  7:14  Assimilator  
  32  7:15  Assimilator  
  32  7:21  Probe (Chrono Boost)  
  33  7:23  Phoenix x2  
  37  7:41  Probe (Chrono Boost)  
  38  7:45  Phoenix  
  38  7:48  Phoenix  
  41  7:53  Probe (Chrono Boost)  
  24  8:45  Phoenix  
  20  8:49  Phoenix, Pylon  
  20  8:51  Pylon  
  20  9:02  Mothership Core (Chrono Boost)  
  22  9:18  Phoenix  
  22  9:32  Phoenix  
  22  10:06  Void Ray  
  22  10:08  Void Ray  
  26  10:20  Probe (Chrono Boost)  
  27  10:23  Probe (Chrono Boost)  
  28  10:33  Probe (Chrono Boost)  
  30  10:35  Probe (Chrono Boost)  
  30  10:49  Void Ray  
Show
View Real Time Build Order
Export as new Build Order

genevid Protoss 

Build Orders:  

Get SALT Encoding   

  12  0:01  Probe (Chrono Boost)  
  13  0:19  Probe (Chrono Boost)  
  13  0:20  Pylon  
  14  0:48  Pylon  
  14  0:58  Forge  
  14  1:00  Probe (Chrono Boost)  
  15  1:06  Assimilator  
  15  1:10  Probe (Chrono Boost)  
  16  1:21  Probe (Chrono Boost)  
  17  1:36  Photon Cannon  
  17  1:40  Photon Cannon  
  17  2:13  Pylon  
  17  2:33  Photon Cannon  
  17  2:35  Photon Cannon  
  17  2:43  Pylon  
  17  2:48  Probe (Chrono Boost)  
  18  2:58  Probe (Chrono Boost)  
  19  3:07  Photon Cannon  
  19  3:09  Probe (Chrono Boost), Pylon  
  20  3:25  Photon Cannon  
  20  3:37  Photon Cannon  
  20  3:40  Photon Cannon  
  20  3:42  Photon Cannon  
  20  3:44  Photon Cannon  
  20  3:47  Photon Cannon  
  20  4:15  Photon Cannon  
  20  4:24  Pylon  
  20  4:44  Photon Cannon  
  20  4:47  Probe (Chrono Boost)  
  21  4:57  Probe (Chrono Boost)  
  21  5:08  Probe (Chrono Boost)  
  22  5:18  Probe (Chrono Boost)  
  22  5:20  Pylon  
  23  5:22  Nexus  
  23  5:49  Photon Cannon  
  22  6:01  Probe (Chrono Boost)  
  23  6:08  Assimilator  
  23  6:12  Probe (Chrono Boost)  
  23  6:17  Gateway  
  24  6:24  Assimilator  
  24  6:26  Probe (Chrono Boost)  
  24  6:28  Assimilator  
  25  6:36  Probe (Chrono Boost)  
  25  6:39  Pylon  
  26  6:48  Probe (Chrono Boost)  
  27  6:54  Probe (Chrono Boost)  
  27  6:59  Probe (Chrono Boost)  
  29  7:05  Probe (Chrono Boost), Cybernetics Core  
  30  7:09  Probe (Chrono Boost)  
  30  7:10  Pylon  
  30  7:15  Probe (Chrono Boost), Pylon  
  32  7:18  Photon Cannon  
  32  7:20  Probe (Chrono Boost)  
  33  7:26  Probe (Chrono Boost)  
  33  7:29  Protoss Shields Level 1  
  34  7:30  Probe (Chrono Boost)  
  35  7:40  Probe (Chrono Boost)  
  35  7:41  Probe (Chrono Boost)  
  37  8:02  Protoss Air Weapons Level 1  
  37  8:04  Stargate  
  37  8:07  Stargate  
  37  8:12  Nexus  
  37  8:16  Pylon  
  37  8:29  Stargate  
  37  8:31  Robotics Facility  
  37  8:47  Probe (Chrono Boost)  
  38  8:49  Void Ray  
  38  8:51  Void Ray  
  46  8:57  Probe (Chrono Boost)  
  46  9:00  Assimilator  
  47  9:04  Assimilator  
  47  9:08  Probe (Chrono Boost)  
  41  9:13  Void Ray  
  35  9:25  Probe (Chrono Boost), Robotics Facility  
  35  9:26  Robotics Facility  
  36  9:35  Probe (Chrono Boost)  
  36  9:41  Immortal  
  38  9:56  Void Ray  
  42  10:12  Robotics Facility  
  41  10:48  Mothership Core (Chrono Boost)  
Show
View Real Time Build Order
Export as new Build Order

HanSolo Zerg 

Build Orders: Pool First 

Get SALT Encoding   

  12  0:05  Drone  
  13  0:24  Spawning Pool  
  12  0:36  Drone x2  
  14  0:43  Extractor  
  13  0:54  Overlord  
  13  1:20  Zergling x4  
  13  1:22  Hatchery  
  13  1:24  Zergling x2  
  15  1:33  Drone  
  16  1:45  Metabolic Boost  
  16  1:48  Drone  
  17  1:55  Zergling x2  
  18  2:15  Zergling x4  
  20  2:20  Queen  
  21  2:35  Zergling x4  
  23  2:47  Queen  
  23  2:48  Zergling x6  
  21  3:18  Zergling x4  
  21  3:19  Zergling x6  
  26  3:26  Roach Warren  
  25  3:31  Extractor, Zergling x4  
  26  3:49  Overlord  
  20  4:02  Zergling x2  
  20  4:03  Zergling x8  
  21  4:26  Roach x2  
  25  4:40  Drone  
  25  4:41  Drone x2  
  28  4:46  Drone  
  29  4:58  Drone x3  
  32  5:08  Drone x2  
  29  5:26  Roach x2  
  29  5:27  Roach  
  35  5:35  Overlord  
  35  5:36  Drone  
  36  5:45  Overlord  
  36  5:52  Overlord x2  
  36  5:57  Ravager x2  
  36  6:00  Roach  
  40  6:11  Lair  
  40  6:15  Spore Crawler  
  39  6:20  Spore Crawler  
  34  6:45  Ravager  
  35  6:52  Spore Crawler x2  
  35  6:53  Drone x3  
  35  6:54  Drone x3  
  39  6:57  Drone x2  
  41  7:03  Ravager  
  30  7:35  Drone x4, Spire  
  30  7:36  Drone x4  
  37  7:43  Extractor  
  36  7:47  Extractor  
  35  7:55  Drone x2  
  35  7:56  Drone  
  38  8:32  Spore Crawler  
  37  8:34  Spore Crawler x2  
  37  8:37  Spore Crawler  
  34  8:50  Mutalisk x7  
  47  9:04  Mutalisk  
  47  9:06  Spore Crawler  
  26  9:38  Mutalisk x2  
  26  9:39  Mutalisk  
  30  10:07  Baneling Nest  
  27  10:25  Zergling x2, Hatchery  
  27  10:26  Zergling x6  
  27  10:27  Overlord x3  
  30  10:41  Overlord x2  
  30  10:50  Baneling  
  30  10:51  Baneling x7  
  30  10:55  Zergling x6  
  33  11:08  Zergling x4  
  35  11:14  Baneling x2  
  35  11:15  Baneling x2  
  35  11:18  Zergling x2  
  35  11:19  Zergling x4  
Tags
 
Add a new tag
Caveats
  • Supply blocks, unpowered buildings, or Contaminate may cause inaccurate times.
  • Supply counts are checked every 10 seconds.